 Dungeon Crawl Stone Soup version 0.28.0 (webtiles) character file.

Game seed: 1295964504144662529

32 Arcadio the Sneak (level 3, -3/31 HPs)
             Began as a Naga Hedge Wizard on Feb 17, 2022.
             Was an Initiate of Cheibriados.
             Slain by a goblin (5 damage)
             ... led by Robin
             ... on level 2 of the Dungeon.
             The game lasted 00:07:24 (2373 turns).

Arcadio the Sneak (Naga Hedge Wizard)               Turns: 2373, Time: 00:07:25

Health: -3/31      AC:  2    Str: 13    XL:     3   Next: 25%
Magic:  7/7        EV:  9    Int: 17    God:    Cheibriados [......]
Gold:   48         SH:  0    Dex: 11    Spells: 3/8 levels left

rFire   . . .      SeeInvis +   a - +0 dagger
rCold   . . .      Faith    .   (no shield)
rNeg    . . .      Spirit   .   b - +0 robe
rPois   +          Reflect  .   c - +0 hat
rElec   .          Harm     .   (no cloak)
rCorr   +          Rampage  .   (no gloves)
Will    .....                   (no barding)
Stlth   ++........              l - amulet of magic regeneration
HPRegen 0.10/turn               d - ring of wizardry
MPRegen 0.50/turn               e - ring of resist corrosion

@: mighty, very slow
A: AC +1, large, see invisible, deformed body, poison resistance, slowness 2,
spit poison 1, naga tail 1
a: Spit Poison, Renounce Religion


You were on level 2 of the Dungeon.
You worshipped Cheibriados.
Cheibriados was noncommittal.
You visited 1 branch of the dungeon, and saw 2 of its levels.

You collected 48 gold pieces.

Inventory:

Hand Weapons
 a - a +0 dagger (weapon)
Armour
 b - a +0 robe (worn)
 c - a +0 hat (worn)
Jewellery
 d - a ring of wizardry (left hand)
 e - a ring of resist corrosion (right hand)
 l - an amulet of magic regeneration (around neck)
Scrolls
 f - 3 scrolls of identify {unknown}
 i - a scroll of immolation {unknown}
 k - a scroll of noise {unknown}
Potions
 g - a potion of might
 h - a potion of brilliance {unknown}
 j - a potion of curing {unknown}


   Skills:
 + Level 1.2 Fighting
 - Level 1.5 Dodging
 + Level 3.7 Stealth
 + Level 3.2 Spellcasting
 + Level 1.6 Conjurations
 - Level 1.0 Summonings
 - Level 1.0 Translocations


You had 3 spell levels left.
You knew the following spells:

 Your Spells              Type           Power      Damage    Failure   Level
a - Magic Dart            Conj           32%        1d4       3%          1
b - Blink                 Tloc           12%        N/A       7%          2
c - Call Imp              Summ           6%         N/A       7%          2

Your spell library contained the following spells:

 Spells                   Type           Power      Damage    Failure   Level
 Animate Skeleton         Necr           4%         N/A       7%          1
 Pain                     Necr           8%         1d4       7%          1
 Slow                     Hex            8%         N/A       7%          1
 Conjure Flame            Conj/Fire      5%         6-21      16%         3
 Mephitic Cloud           Conj/Pois/Air  4%         N/A       16%         3
 Vampiric Draining        Necr           2%         2d6       21%         3
 Animate Armour           Summ/Erth      8%         N/A       45%         4
 Blade Hands              Tmut           1%         N/A       86%         5
 Iron Shot                Conj/Erth      2%         9d2       99%         6


Dungeon Overview and Level Annotations

Branches:
Dungeon (2/15)

Altars:
Cheibriados

Annotations:
D:2 Robin


Innate Abilities, Weirdness & Mutations

Your serpentine skin is tough. (AC +1)
You have supernaturally acute eyesight. (SInv)
Armour fits poorly on your strangely shaped body.
Your system is resistant to poisons. (rPois)
You cover ground very slowly.
You can spit poison.
You have a snake-like lower body.


Message History

The goblin closely misses your crimson imp.
Your crimson imp disappears in a puff of smoke!
The hobgoblin hits you. The goblin closely misses you.
The hobgoblin hits you but does no damage.
The hobgoblin no longer looks unusually strong.
The goblin no longer looks unusually strong. x2
The goblin hits you with a +0 club.
Robin roars a battlecry!
The goblins go into a battle-frenzy!
The hobgoblin hits you but does no damage.
The hobgoblin hits you.
* * * LOW HITPOINT WARNING * * *
The goblin no longer looks unusually strong.
The hobgoblin no longer looks unusually strong.
The goblin no longer looks unusually strong. x2
Robin says, "Bow before me, strongest of all the hobgoblins!"
The hobgoblin barely misses you.
It was a potion of might.
You feel very mighty all of a sudden. The hobgoblin closely misses you.
You puncture the hobgoblin!
You kill the hobgoblin!
Cheibriados thoroughly appreciates the change of pace.
The goblin shouts!
You puncture the goblin!
You kill the goblin!
Cheibriados appreciates the change of pace.
You hear a shout!
Robin roars a battlecry!
The goblin goes into a battle-frenzy!
You barely miss the hobgoblin.
Robin roars a battlecry!
The hobgoblin goes into a battle-frenzy!
The hobgoblin hits you.
* * * LOW HITPOINT WARNING * * *
The hobgoblin closely misses you. The hobgoblin closely misses you.
Robin throws the goblin at you! The goblin hits you with a +0 dagger.
You die...

......#####.#.#
#..#.........#### ......# #.#.#
#.......†........
......#####.#.#
#..#.#'##.....###
............#.#
##.#.#....†......
.......######.# #...###.......##
...###.#....#.#####..###.......#
...# #.#.#..........>.......(..#
...###.#.##.#########.###......#
.......#....g.gg@.......+......#
###.#######g#####g....###.....##
###......g......####### #######
........g..g....#
.......g........####
......#####........+ ......#
########## ......# ......#


You could see Robin, a hobgoblin (strong) and 3 goblins.

Vanquished Creatures
  A dart slug (D:2)
  3 endoplasms
  3 hobgoblins (D:2)
  5 jackals (D:1)
  3 ball pythons (D:1)
  2 bats
  A frilled lizard (D:2)
  3 goblins
  2 kobolds (D:1)
  6 rats
29 creatures vanquished.

Vanquished Creatures (collateral kills)
  A ball python (D:2)
1 creature vanquished.

Grand Total: 30 creatures vanquished

Notes
Turn   | Place    | Note
-------+----------+-------------------------------------------
     0 | D:1      | Arcadio the Naga Hedge Wizard began the quest for the Orb.
     0 | D:1      | Reached XP level 1. HP: 15/15 MP: 4/4
   106 | D:1      | Found a faded altar of an unknown god.
   519 | D:1      | Reached XP level 2. HP: 9/24 MP: 0/6
  1286 | D:1      | Learned a level 2 spell: Blink
  1289 | D:1      | Learned a level 2 spell: Call Imp
  1519 | D:2      | Reached skill level 1 in Fighting
  1715 | D:2      | Reached XP level 3. HP: 31/31 MP: 5/7
  1840 | D:2      | Found a snail-covered altar of Cheibriados.
  1846 | D:2      | Became a worshipper of Cheibriados the Contemplative
  2230 | D:2      | Noticed Robin
  2373 | D:2      | Slain by a goblin

Illustrated notes

Levels and vault maps discovered:
D:1:      wander_arrival_fairy_ring, layout_basic,
          dreamdust_ecumenical_altar_grove
D:2:      layout_basic, basic_altar, uniq_robin

Skill      XL: |  1  2 |
---------------+-------+-----
Fighting       | 1 |  1.2
Dodging        | |  1.5
Stealth        | |  3.7
Spellcasting   | |  3.2
Conjurations   | |  1.6
Summonings     | |  1.0
Translocations | |  1.0

Action                   || total
-------------------------++-------
Melee: Dagger            ||    40
 Cast: Magic Dart        ||    47
       Call Imp          ||     2
 Abil: Spit Poison       ||     7
  Use: Potion            ||     1
 Stab: Sleeping          ||     2
Armor: Robe              ||    19
Dodge: Dodged            ||    32
